 Dungeon Crawl Stone Soup version 0.31-a0-185-g9dded2c639 (webtiles) character file.

Game seed: 15487594458763315687

12 qw the Shooter (level 2, -1/16 HPs)
             Began as a Deep Elf Hunter on June 22, 2023.
             Slain by an adder (4 damage)
             ... on level 2 of the Dungeon.
             The game lasted 00:00:14 (739 turns).

qw the Shooter (Deep Elf Hunter)                     Turns: 739, Time: 00:00:14

Health: -1/16      AC:  5    Str:  8    XL:     2   Next: 20%
Magic:  4/4        EV: 10    Int: 13    God:
Gold:   62         SH:  0    Dex: 18    Spells: 1/1 levels left

rFire   . . .        Y - +0 shortbow
rCold   . . .        (shield currently unavailable)
rNeg    . . .        h - +0 ring mail
rPois   .            (no helmet)
rElec   .            (no cloak)
rCorr   .            (no gloves)
SInv    .            (no boots)
Will    .....        (no amulet)
Stlth   +            (no ring)
HPRegen 0.22/turn    (no ring)
MPRegen 0.09/turn

%: no passive effects
@: about to teleport
A: no striking features
a: no special abilities


You were on level 2 of the Dungeon.
You visited 1 branch of the dungeon, and saw 2 of its levels.

You collected 62 gold pieces.


   Skills:
 - Level 1.5 Fighting
 + Level 6.1 Ranged Weapons
 - Level 2.4 Dodging
 - Level 1.2 Stealth


You had one spell level left.
You didn't know any spells.
Your spell library was empty.

Inventory:

Hand Weapons
 Y - a +0 shortbow (weapon)
Armour
 h - a +0 ring mail (worn)
Potions
 f - a potion of enlightenment {unknown}

Dungeon Overview and Level Annotations

Branches:
Dungeon (2/15)

Altars:


Message History

The adder misses you.
You shoot an arrow. The arrow barely misses the adder.
The kobold throws a stone.
The stone misses you. The adder bites you.
You are poisoned.
The adder poisons you!
You shoot an arrow. The arrow closely misses the adder.
You feel sick. The adder closely misses you.
The adder bites you but does no damage.
You shoot an arrow. The arrow hits the adder!
The adder is severely wounded.
You feel sick. The adder bites you.
The kobold throws a stone.
The stone closely misses you. The adder bites you but does no damage.
You shoot an arrow. The arrow barely misses the adder.
You feel sick. The adder bites you.
You shoot an arrow. The arrow hits the adder.
The adder is almost dead.
You feel sick.
You are no longer poisoned.
The adder bites you but does no damage. The adder closely misses you.
You shoot an arrow. The arrow misses the adder.
The kobold hits you but does no damage. The adder bites you.
The kobold barely misses you. The adder misses you.
You shoot an arrow. The arrow misses the adder.
The adder closely misses you. The kobold hits you but does no damage.
You shoot an arrow. The arrow barely misses the adder.
The adder barely misses you. The kobold barely misses you.
The adder closely misses you.
You shoot an arrow. The arrow misses the adder.
The adder barely misses you.
The kobold hits you with a +0 short sword.
The adder barely misses you. The kobold hits you but does no damage.
738 ||| READING scroll of teleportation.
As you read the scroll of teleportation, it crumbles to dust.
You feel strangely unstable. The adder closely misses you.
The kobold misses you.
You shoot an arrow. The arrow misses the adder.
The adder barely misses you.
The kobold hits you with a +0 short sword.
The adder bites you.
You die...

... .. ..
## #.###
...# #...#
.....#.#.#
......SK.##
# #@..# .#~
#...#
r#~#.###.#
.#~#.....#
.#~#.###.#
.#~ #...#
##~###.#.#
.......#.#
.........#


You could see an adder and a kobold.

Vanquished Creatures
  2 endoplasms (D:1)
  2 giant cockroaches (D:1)
  2 goblins (D:1)
  2 hobgoblins (D:1)
  A bat (D:2)
  A frilled lizard (D:2)
  A kobold (D:1)
11 creatures vanquished.

Notes
Turn   | Place    | Note
-------+----------+-------------------------------------------
     0 | D:1      | qw the Deep Elf Hunter began the quest for the Orb.
     0 | D:1      | Reached XP level 1. HP: 12/12 MP: 3/3
     0 | D:1      | 0 ||| qw: Version: 0.3-a-9-g12657ce
     0 | D:1      | 0 ||| qw: Game counter: 1730
     0 | D:1      | 0 ||| qw: Always use a shield: true
     0 | D:1      | 0 ||| qw: God list: Okawaru
     0 | D:1      | 0 ||| qw: Allow faded altars: false
     0 | D:1      | 0 ||| qw: Do Orc after D:15 true
     0 | D:1      | 0 ||| qw: Do second Lair branch before Depths: true
     0 | D:1      | 0 ||| qw: Lair rune preference: random
     0 | D:1      | 0 ||| qw: Plans: Normal
     0 | D:1      | 0 ||| PLANNING D:1-11
   285 | D:1      | Reached skill level 6 in Ranged Weapons
   285 | D:1      | Reached XP level 2. HP: 16/16 MP: 4/4
   630 | D:1      | 630 ||| UPGRADING to +0 ring mail.
   640 | D:1      | 640 ||| DROPPING +0 leather armour.
   641 | D:1      | 641 ||| READING 2 scrolls labelled NITITI OGUD.
   646 | D:1      | 646 ||| READING scroll labelled ZEDAAR XOTUE.
   647 | D:1      | 647 ||| READING scroll labelled WUHAIR NECH.
   648 | D:1      | 648 ||| READING scroll labelled UCLOPEGH NIRIRCH.
   649 | D:1      | 649 ||| DROPPING scroll of butterflies.
   737 | D:2      | HP: 3/16 [kobold/+0 short sword (3)]
   738 | D:2      | 738 ||| READING scroll of teleportation.
   739 | D:2      | Slain by an adder

Levels and vault maps discovered:
D:1:      saegor_arrival_miasma, layout_basic
D:2:      layout_basic, grunt_decor_cap, kennysheep_generic_room_10

Skill      XL: |  1 |
---------------+----+-----
Ranged Weapons | 6 |  6.1
Fighting       | |  1.5
Dodging        | |  2.4
Stealth        | |  1.2

Action                     || total
---------------------------++-------
   Fire: Shortbow          ||    46
    Use: Scroll            ||     5
 Armour: Leather armour    ||     1
         Ring mail         ||    10
  Dodge: Dodged            ||    21

Table legend:
 A = Non-vault XP
 B = Vault XP
 C = Vault XP percentage of total XP
 D = Non-vault monster count
 E = Vault monster count
 F = Vault count percentage of total count
                 A         B        C        D         E       F
            +---------+---------+-------+---------+---------+-------
      Total |      18 |       0 |   0.0 |      11 |       0 |   0.0
            +---------+---------+-------+---------+---------+-------
        D:1 |      16 |       0 |   0.0 |       9 |       0 |   0.0
        D:2 |       2 |       0 |   0.0 |       2 |       0 |   0.0
            +---------+---------+-------+---------+---------+-------
